 Dungeon Crawl Stone Soup version 0.31.0-32-g396128a36d (webtiles) character file.

Game seed: 505619290321214506

410 mainiacjoe the Sneak (level 6, -1/36 HPs)
             Began as an Octopode Conjurer on Mar 30, 2024.
             Slain by an ufetubus (3 damage)
             ... on level 4 of the Dungeon.
             The game lasted 00:11:10 (4865 turns).

mainiacjoe the Sneak (Octopode Conjurer)            Turns: 4865, Time: 00:11:10

Health: -1/36      AC:  1    Str:  7    XL:     6   Next: 89%
Magic:  7/10       EV: 13    Int: 22    God:
Gold:   133        SH:  0    Dex: 10    Spells: 4/11 levels left

rFire   . . .        a - +2 short sword (venom)
rCold   . . .        (no shield)
rNeg    . . .        (helmet restricted)
rPois   .            n - amulet of magic regeneration
rElec   .            (no ring)
rCorr   .            (no ring)
SInv    .            (no ring)
Will    .....        (no ring)
Stlth   ++++         (no ring)
HPRegen 0.26/turn    (no ring)
MPRegen 0.52/turn    (no ring)
                     (no ring)

%: no passive effects
@: no status effects
A: almost no armour, amphibious, 8 rings, camouflage 1, gelatinous body 1,
(nimble swimmer 1), tentacles
a: no special abilities


You were on level 4 of the Dungeon.
You visited 1 branch of the dungeon, and saw 5 of its levels.

You collected 280 gold pieces.
You spent 147 gold pieces at shops.

Inventory:

Hand Weapons
 a - a +2 short sword of venom (weapon)
 b - a +3 sling
 c - a +0 club
 d - a +0 quarterstaff
Missiles
 o - a boomerang
 s - 55 stones
Armour
 j - an orb of guile
Magical Staves
 f - a staff of alchemy
 h - a staff of cold
Jewellery
 n - an amulet of magic regeneration (around mantle)
Wands
 l - a wand of polymorph (9)
 m - a wand of light (9)
 p - a wand of digging (6)
Scrolls
 k - a scroll of enchant weapon
 q - a scroll of fog
Potions
 e - a potion of magic
 g - 3 potions of mutation
 i - a potion of lignification
 t - a potion of attraction {unknown}


   Skills:
 - Level 2.0 Dodging
 - Level 6.0 Stealth
 - Level 3.0 Spellcasting
 + Level 5.6 Conjurations
 + Level 3.0 Translocations


You had 4 spell levels left.
You knew the following spells:

 Your Spells              Type           Power      Damage    Failure   Level
a - Magic Dart            Conj           100%       1d8       1%          1
b - Searing Ray           Conj           56%        2d6       1%          2
c - Iskenderun's Mystic   Conj/Tloc      22%        2d6       21%         4

Your spell library contained the following spells:

 Spells                   Type           Power      Damage    Failure   Level
 Blink                    Tloc           32%        N/A       5%          2
 Call Imp                 Summ           6%         N/A       19%         2
 Fulminant Prism          Conj/Alch      7%         3d6       36%         4


Dungeon Overview and Level Annotations

Branches:
Dungeon (5/15)
 Temple: D:4-7

Altars:

Shops:
D:2 :*(


Innate Abilities, Weirdness & Mutations

You cannot wear most types of armour.
You are amphibious.
You can wear up to eight rings at the same time.
Your skin changes colour to match your surroundings (Stealth+).
Your rubbery body absorbs attacks. (AC +1, EV +1)
((You are camouflaged when in or above water. (Stealth+)))
You have tentacles for arms and can constrict up to eight enemies at once.


Message History

You hit the ufetubus.
The ufetubus is poisoned.
You grab the ufetubus.
The ufetubus is moderately wounded.
You constrict the ufetubus, but do no damage.
The ufetubus closely misses you. The ufetubus misses you.
The ufetubus hits you. The ufetubus misses you.
Casting: Iskenderun's Mystic Blast (quite dangerous; 21% risk of failure)
Confirm with . or Enter, or press ? or * to list all spells.
Okay, then.
Casting: Iskenderun's Mystic Blast (quite dangerous; 21% risk of failure)
Confirm with . or Enter, or press ? or * to list all spells.
Aiming: Searing Ray (safe; 1% risk of failure)
Press: ? - help, Shift-Dir - straight line, f - ufetubus
Aim: an ufetubus (66% to hit)
The searing ray misses the ufetubus. (Press . to maintain the ray.)
You constrict the ufetubus. The ufetubus hits you.
* * * LOW HITPOINT WARNING * * *
The ufetubus misses you. The ufetubus hits you.
* * * LOW HITPOINT WARNING * * *
The ufetubus hits you.
* * * LOW HITPOINT WARNING * * *
The ufetubus hits you.
* * * LOW HITPOINT WARNING * * *
The ufetubus barely misses you. The ufetubus hits you.
* * * LOW HITPOINT WARNING * * *
The ufetubus hits you but does no damage.
Casting: Searing Ray (safe; 1% risk of failure)
Confirm with . or Enter, or press ? or * to list all spells.
Restarting spell: Searing Ray (safe; 1% risk of failure)
Press: ? - help, Shift-Dir - straight line, f/p - ufetubus
Aim: an ufetubus (66% to hit)
The searing ray hits the ufetubus.
The ufetubus is moderately wounded. (Press . to maintain the ray.)
You constrict the ufetubus, but do no damage.
The ufetubus hits you.
* * * LOW HITPOINT WARNING * * *
The ufetubus hits you but does no damage.
The ufetubus hits you.
You die...

#.........#.#
#.#####...#.#
#.# ##....#
#.# ##...##
#####.#
#....#
..[...#
#..#.#
#####.#
#...o#
###...#
#.##5#
.##.#.#
#..5@#
....#.#
######
)####.### .#
#...# .#
###.# .## #.#
..# #.# ..#
#.# #.# #.#


You could see 2 ufetubi and an orc.

Vanquished Creatures
  A scorpion (D:4)
  2 bombardier beetles (D:4)
  An orc priest (D:5)
  4 orc wizards
  4 adders
  3 gnolls (D:4)
  2 ribbon worms
  10 orcs
  10 endoplasms
  2 giant cockroaches
  5 goblins
  8 hobgoblins
  3 jackals (D:2)
  3 quokkas
  8 ball pythons
  6 bats
  5 frilled lizards
  9 kobolds
  3 rats
89 creatures vanquished.

Notes
Turn   | Place    | Note
-------+----------+-------------------------------------------
     0 | D:1      | mainiacjoe the Octopode Conjurer began the quest for the
                  | Orb.
     0 | D:1      | Reached XP level 1. HP: 11/11 MP: 3/3
   209 | D:1      | Reached skill level 3 in Stealth
   357 | D:1      | Reached XP level 2. HP: 17/17 MP: 0/5
   360 | D:1      | Learned a level 2 spell: Searing Ray
  1159 | D:2      | Found Gexi Nec's Book Shop.
  1277 | D:2      | Reached XP level 3. HP: 21/21 MP: 3/6
  1912 | D:2      | Found Agunist's Assorted Antiques.
  1919 | D:2      | Bought a glowing dark potion for 27 gold pieces
  1919 | D:2      | Bought a scroll labelled DUXKIO MIUR for 30 gold pieces
  2164 | D:2      | Found Wuiceod's Antique Weapon Emporium.
  2410 | D:2      | Bought a scroll labelled HOUJIAN VAJUV for 30 gold pieces
  2410 | D:2      | Bought a scroll labelled ETZONA NA SYE for 30 gold pieces
  2429 | D:2      | Reached skill level 4 in Stealth
  2643 | D:2      | Bought a scroll labelled VOKOLY MARPHY for 30 gold pieces
  2776 | D:3      | Reached XP level 4. HP: 27/27 MP: 4/8
  2782 | D:3      | Learned a level 4 spell: Iskenderun's Mystic Blast
  3498 | D:4      | Noticed a scorpion
  3506 | D:4      | Killed a scorpion
  3507 | D:4      | Reached skill level 1 in Translocations
  3507 | D:4      | Reached XP level 5. HP: 31/31 MP: 3/9
  3551 | D:4      | Reached skill level 5 in Conjurations
  3612 | D:4      | Reached skill level 5 in Stealth
  3970 | D:4      | Reached XP level 6. HP: 36/36 MP: 7/10
  4290 | D:5      | Entered Level 5 of the Dungeon
  4290 | D:5      | Noticed a black bear
  4342 | D:5      | Reached skill level 6 in Stealth
  4865 | D:4      | Slain by an ufetubus

Illustrated notes

Levels and vault maps discovered:
D:1:      dpeg_arrival_round_c, layout_basic, moated_statue
D:2:      layout_loops_corners, serial_shops, shop,
          nicolae_shop_advertising_works [nicolae_subvault_shop_adworks], shop
D:3:      layout_basic
D:4:      layout_basic, dk_rats_in_the_wall
D:5:      minmay_skewed_foursquare, layout_basic, skrybe_limestone_x,
          nicolae_shop_fire_sale [nicolae_sub_dead_trees], dreamdust_gnoll_farm,
          uniq_eustachio, uniq_sigmund

Skill      XL: |  1  2  3  4  5  6 |
---------------+-------------------+-----
Stealth        | 3 4 5 6 |  6.0
Spellcasting   | 3 |  3.0
Translocations | 1 2 3 |  3.0
Conjurations   | 5 |  5.6
Dodging        | |  2.0

Action                     |  1- 3 |  4- 6 || total
---------------------------+-------+-------++-------
  Melee: Unarmed           |     5 |       ||     5
         Quarterstaff      |     6 |       ||     6
         Constrict         |     2 |     6 ||     8
         Short sword       |       |    17 ||    17
         Tentacles         |       |     4 ||     4
   Cast: Magic Dart        |    52 |    40 ||    92
         Searing Ray       |    18 |    21 ||    39
    Use: Scroll            |     5 |     5 ||    10
         Potion            |       |     1 ||     1
   Stab: Sleeping          |       |     2 ||     2
 Armour: Skin              |     6 |    37 ||    43
  Dodge: Dodged            |    14 |    46 ||    60
